 Dungeon Crawl Stone Soup version 0.29.0-4-gdea44cf6ec (webtiles) character file.

Game seed: 15068185554607914989

37 qw the Chopper (level 3, -1/21 HPs)
             Began as a Tengu Warper on Aug 28, 2022.
             Slain by a gnoll
             ... wielding a +0 halberd
              (9 damage)
             ... on level 2 of the Dungeon.
             The game lasted 00:00:05 (919 turns).

qw the Chopper (Tengu Warper)                        Turns: 919, Time: 00:00:05

Health: -1/21      AC:  5    Str: 10    XL:     3   Next: 39%
Magic:  7/7        EV: 12    Int: 13    God:
Gold:   70         SH:  0    Dex: 18    Spells: 6/6 levels left

rFire   . . .      SeeInvis .   Y - +0 hand axe (elec)
rCold   . . .      Faith    .   (no shield)
rNeg    . . .      Spirit   .   b - +0 leather armour
rPois   .          Reflect  .   a - +2 hat "Luczaur" {Str-3 Dex+5}
rElec   .          Harm     .   (no cloak)
rCorr   .          Rampage  .   (no gloves)
Will    .....                   (boots unavailable)
Stlth   +.........              (no amulet)
HPRegen 0.07/turn               (no ring)
MPRegen 0.10/turn               (no ring)

@: no status effects
A: beak, talons 3
a: no special abilities


You were on level 2 of the Dungeon.
You visited 1 branch of the dungeon, and saw 2 of its levels.

You collected 70 gold pieces.


Innate Abilities, Weirdness & Mutations

You have a beak for a mouth.
You have claws for feet.


   Skills:
 - Level 2.0 Fighting
 + Level 4.1 Axes
 - Level 1.0 Throwing
 - Level 1.1 Armour
 - Level 2.1 Dodging
 - Level 2.0 Spellcasting
 - Level 2.4 Translocations


You had 6 spell levels left.
You didn't know any spells.
Your spell library contained the following spells:

 Spells                   Type           Power      Damage    Failure   Level
 Blink                    Tloc           14%        N/A       21%         2
 Gell's Gravitas          Tloc           7%         N/A       36%         3
 Lesser Beckoning         Tloc           7%         N/A       36%         3
 Teleport Other           Tloc           7%         N/A       36%         3
 Manifold Assault         Tloc           7%         N/A       98%         5

Inventory:

Hand Weapons
 f - a +0 club
 Y - a +0 hand axe of electrocution (weapon)
Missiles
 d - 4 boomerangs of dispersal
 i - a javelin (quivered)
Armour
 a - the +2 hat "Luczaur" (worn) {Str-3 Dex+5}
   (You acquired it on level 1 of the Dungeon)

   Str:       It affects your strength (-3).
   Dex:       It affects your dexterity (+5).
 b - a +0 leather armour (worn)
Scrolls
 l - a scroll of teleportation
Potions
 e - a potion of invisibility {unknown}
 j - a potion of attraction {unknown}

Dungeon Overview and Level Annotations

Branches:
Dungeon (2/15)

Altars:


Message History

The kobold throws a stone.
The stone hits you but does no damage.
A gnoll comes into view. It is wielding a +0 flail.
The gnoll shouts!
A rat comes into view.
The gnoll closely misses you. The gnoll barely misses you.
You see here 6 gold pieces.
You hit the gnoll. You claw the gnoll. You peck the gnoll, but do no damage.
The gnoll is almost dead.
You hit the gnoll. Lightning courses through the gnoll!
You kill the gnoll!
You have reached level 3!
Your experience leads to an increase in your attributes!
Your base attributes are Str 11, Int 13, Dex 13.
Increase (S)trength, (I)ntelligence, or (D)exterity?
You feel stronger. x2
You hit the gnoll. You peck the gnoll, but do no damage.
The gnoll is almost dead.
The gnoll hits you but does no damage. The gnoll misses you.
The kobold throws a stone.
The stone closely misses you.
You hit the gnoll. Lightning courses through the gnoll!!
You kill the gnoll!
The gnoll completely misses you.
Your Axes skill increases to level 4!
You barely miss the gnoll. You claw the gnoll.
The gnoll is lightly wounded.
The gnoll misses you.
You hit the gnoll. Your peck misses the gnoll.
The gnoll is moderately wounded.
The gnoll hits you with a +0 flail. The gnoll barely misses you.
The kobold throws a stone.
The stone misses you.
The stone closely misses the gnoll.
The gnoll hits you with a +0 flail!
The kobold throws a stone.
The stone barely misses you.
The stone hits the gnoll but does no damage.
The gnoll misses you. The rat bites you but does no damage.
You hit the gnoll.
The gnoll is heavily wounded.
You hit the rat.
The kobold throws a stone.
The stone hits you.
The gnoll hits you from afar with a +0 halberd!
You die...

.. .. #. ##.##
#...# #..K#
#..<#
#####...#####
#.....r@g...#
......).......#
#......g....###
####....#.###
#....#.#
..(...$#
#.......#
.......


You could see 2 gnolls, a kobold and a rat.

Vanquished Creatures
  2 gnolls (D:2)
  2 dart slugs (D:1)
  2 bats (D:1)
  A giant cockroach (D:1)
  3 goblins (D:1)
  3 ball pythons (D:1)
  3 rats (D:1)
16 creatures vanquished.

Notes
Turn   | Place    | Note
-------+----------+-------------------------------------------
     0 | D:1      | qw the Tengu Warper began the quest for the Orb.
     0 | D:1      | Reached XP level 1. HP: 12/12 MP: 4/4
     0 | D:1      | 0 ||| qw: Version: 0.1-a-89-g26bdef1
     0 | D:1      | 0 ||| qw: Game counter: 2092
     0 | D:1      | 0 ||| qw: Always use a shield: true
     0 | D:1      | 0 ||| qw: God list: Okawaru
     0 | D:1      | 0 ||| qw: Allow faded altars: false
     0 | D:1      | 0 ||| qw: Do Orc after D:15 true
     0 | D:1      | 0 ||| qw: Do second Lair branch before Depths: true
     0 | D:1      | 0 ||| qw: Lair rune preference: random
     0 | D:1      | 0 ||| qw: Plans: Normal
     0 | D:1      | 0 ||| PLANNING D:1-11
    43 | D:1      | 43 ||| Stepping ~*~*~tactically~*~*~ (hiding).
   317 | D:1      | Reached XP level 2. HP: 13/17 MP: 6/6
   389 | D:1      | Reached skill level 3 in Axes
   888 | D:1      | 888 ||| READING scroll labelled XOULOPI INITEK.
   888 | D:1      | Identified a scroll of acquirement
   888 | D:1      | 888 ||| ACQUIRING +2 hat "Luczaur" {Str-3 Dex+5}
   888 | D:1      | Acquired the +2 hat "Luczaur" {Str-3 Dex+5}
   890 | D:1      | 890 ||| UPGRADING to +2 hat "Luczaur" {Str-3 Dex+5}.
   895 | D:1      | 895 ||| READING scroll labelled GEAPRI GEU.
   896 | D:1      | 896 ||| READING 2 scrolls labelled XIGUDU KAELARO.
   897 | D:1      | 897 ||| READING scroll of brand weapon.
   897 | D:1      | 897 ||| BRANDING +0 vorpal hand axe.
   898 | D:1      | 898 ||| READING 2 scrolls labelled LERCHA ZAZIUSI.
   902 | D:1      | 902 ||| DROPPING scroll of blinking.
   915 | D:2      | Reached XP level 3. HP: 21/21 MP: 7/7
   917 | D:2      | Reached skill level 4 in Axes
   919 | D:2      | Slain by a gnoll

Levels and vault maps discovered:
D:1:      minmay_arrival_shattered_statue, layout_basic
D:2:      layout_loops_cross, shapermc_ecumenical_altar_notcrosses, uniq_sigmund

Skill      XL: |  1  2  3 |
---------------+----------+-----
Axes           | 3 4 |  4.1
Fighting       | |  2.0
Throwing       | |  1.0
Armour         | |  1.1
Dodging        | |  2.1
Spellcasting   | |  2.0
Translocations | |  2.4

Action                   || total
-------------------------++-------
Melee: Hand axe          ||    35
       Kick              ||     5
       Peck              ||     5
Throw: Javelin           ||    13
       Boomerang         ||     3
  Use: Scroll            ||     5
Armor: Leather armour    ||    17
Dodge: Dodged            ||    30

Table legend:
 A = Non-vault XP
 B = Vault XP
 C = Vault XP percentage of total XP
 D = Non-vault monster count
 E = Vault monster count
 F = Vault count percentage of total count
                 A         B        C        D         E       F
            +---------+---------+-------+---------+---------+-------
      Total |      53 |       0 |   0.0 |      16 |       0 |   0.0
            +---------+---------+-------+---------+---------+-------
        D:1 |      25 |       0 |   0.0 |      14 |       0 |   0.0
        D:2 |      28 |       0 |   0.0 |       2 |       0 |   0.0
            +---------+---------+-------+---------+---------+-------
